 Dungeon Crawl Stone Soup version 0.27-a0-1273-gec92ba881d (webtiles) character file.

Game seed: 9175162937372801495

35 night the Chiller (level 3, -3/26 HPs)
             Began as a Ghoul Ice Elementalist on June 11, 2021.
             Slain by Crazy Yiuf
             ... wielding a +4 quarterstaff of chaos
              (7 damage)
             ... on level 2 of the Dungeon.
             The game lasted 00:02:30 (1710 turns).

night the Chiller (Ghoul Ice Elementalist)          Turns: 1710, Time: 00:02:31

Health: -3/26      AC:  2    Str: 11    XL:     3   Next: 33%
Magic:  1/5        EV: 12    Int: 11    God:
Gold:   74         SH:  0    Dex:  9    Spells: 3/7 levels left

rFire    . . .     SeeInvis .   b - +0 trident
rCold    + . .     Faith    .   (no shield)
rNeg     + + +     Spirit   .   a - +0 robe
rPois    ∞         Reflect  .   (no helmet)
rElec    .         Harm     .   (no cloak)
rCorr    .         Rampage  .   (no gloves)
Will     .....                  (no boots)
Stlth    ++........             (no amulet)
HPRegen  0.00/turn              (no ring)
MPRegen  0.09/turn              (no ring)

@: freezing walls, studying Invocations
A: claws 1, cold resistance 1, negative energy resistance 3, inhibited
regeneration, torment resistance 2
a: no special abilities


You were on level 2 of the Dungeon.
You visited 1 branch of the dungeon, and saw 2 of its levels.

You collected 74 gold pieces.

Inventory:

Hand Weapons
 b - a +0 trident (weapon)
Armour
 a - a +0 robe (worn)
Jewellery
 c - an amulet of the acrobat
Scrolls
 e - a scroll of identify {unknown}
Potions
 d - a potion of degeneration {unknown}


   Skills:
 - Level 1.7 Dodging
 - Level 2.1 Stealth
 + Level 2.5 Spellcasting
 + Level 5.0 Ice Magic


You had 3 spell levels left.
You knew the following spells:

 Your Spells              Type           Power      Damage    Failure   Level
a - Freeze                Ice            48%        1d7       3%          1
b - Frozen Ramparts       Ice            24%        1d4       11%         3

Your spell library contained the following spells:

 Spells                   Type           Power      Damage    Failure   Level
 Ozocubu's Armour         Ice            12%        N/A       11%         3
 Hailstorm                Conj/Ice       6%         3d4       69%         4
 Metabolic Englaciation   Hex/Ice        3%         N/A       95%         5


Dungeon Overview and Level Annotations

Branches:
Dungeon (2/15)

Altars:
Lugonu

Shops:
D:1 (

Portals:
Abyss: D:1

Annotations:
D:2 Crazy Yiuf


Innate Abilities, Weirdness & Mutations

You thrive by killing the living.
You are immune to poison.
You have sharp fingernails.
Your flesh is cold resistant. (rC+)
You are immune to negative energy. (rN+++)
You do not regenerate when monsters are visible.
You are immune to unholy pain and torment.


Message History

Press: ? - help, Shift-Dir - straight line, f/p - adder
Aim: an adder (heavily wounded)
You freeze the adder!
You kill the adder!
You feel better.
Your Ice Magic skill increases to level 5!
You now have 74 gold pieces (gained 5).
A ball python comes into view.
You reach to attack!
The helpless ball python fails to defend itself.
You hit the ball python.
You kill the ball python!
You see here a ball python corpse.
Found a stone staircase leading down.
Found a mace.
Found a runed translucent door.
Crazy Yiuf shouts!
Crazy Yiuf says, "Snower!"
Found a dagger.
You open the door.
Casting: Freeze (safe; 3% risk of failure)
Confirm with . or Enter, or press ? or * to list all spells.
The spell is quite dangerous to cast (11% risk of failure)!
Continue anyway?
Casting: Frozen Ramparts (quite dangerous; 11% risk of failure)
Press: ? - help, Dir - look around, f - activate The walls around you are covered in ice.
The wall freezes Crazy Yiuf.
Crazy Yiuf hits you with a +4 quarterstaff of chaos!
Crazy Yiuf burns you.
Casting: Frozen Ramparts (quite dangerous; 11% risk of failure)
Confirm with . or Enter, or press ? or * to list all spells.
Aiming: Freeze (safe; 3% risk of failure)
Press: ? - help, Shift-Dir - straight line, f - Crazy Yiuf
Aim: Crazy Yiuf, wielding a +4 quarterstaff of chaos and wearing a +0 cloak (moderately wounded)
You freeze Crazy Yiuf.
Crazy Yiuf is moderately wounded.
The wall freezes Crazy Yiuf.
Crazy Yiuf hits you with a +4 quarterstaff of chaos!
* * * LOW HITPOINT WARNING * * *
You convulse!
You die...

#..) #.# #.# #####.#
#.....## #.#####. ###
♣♣###.#####. ...
#)..#♣♣ ♣♣..#........
#.#
#...g@♣♣♣♣......##.##.
#.#
#...#♣..♣......###.##.
#.# ###
♣♣♣.♣...#####.##. #.#
♣♣♣♣♣###.....#. ####.#
#.#####. ...#.# #.# #.
.#.#.# ####### #.# #.
.#.#.# #.....# #
#.#####. .....#
#.###.####.# #....###


You could see Crazy Yiuf.

Vanquished Creatures
  An adder (D:2)
  A dart slug (D:1)
  A bat (D:1)
  2 endoplasms
  3 hobgoblins
  3 ball pythons
  5 goblins (D:1)
  4 kobolds (D:1)
  A rat (D:1)
21 creatures vanquished.

Notes
Turn   | Place    | Note
-------+----------+-------------------------------------------
     0 | D:1      | night the Ghoul Ice Elementalist began the quest for the
                  | Orb.
     0 | D:1      | Reached XP level 1. HP: 14/14 MP: 2/2
   292 | D:1      | Reached skill level 2 in Spellcasting
   387 | D:1      | Reached XP level 2. HP: 20/20 MP: 4/4
   798 | D:1      | Found Antarir's Antique Weapon Emporium.
  1357 | D:1      | Found a corrupted altar of Lugonu.
  1357 | D:1      | Found a one-way gate to the infinite horrors of the Abyss.
  1357 | D:1      | Noticed a demonic crawler
  1357 | D:1      | Noticed a demonic crawler
  1357 | D:1      | Noticed a demonic crawler
  1501 | D:2      | Reached XP level 3. HP: 21/26 MP: 3/5
  1505 | D:2      | Learned a level 3 spell: Frozen Ramparts
  1595 | D:2      | Reached skill level 5 in Ice Magic
  1667 | D:2      | Found a runed translucent door.
  1668 | D:2      | Noticed Crazy Yiuf
  1710 | D:2      | Slain by Crazy Yiuf

Illustrated notes

Levels and vault maps discovered:
D:1:      erik_arrival_cave_to_civilisation [erik_arrival_cave_to_temple],
          layout_basic, serial_shops, shop_fountains
D:2:      layout_basic, basic_altar, serial_shops, shop, basic_ecumenical_altar,
          uniq_crazy_yiuf_cottage

Skill      XL: |  1  2  3 |
---------------+----------+-----
Spellcasting   | 2 |  2.5
Ice Magic      | 5 |  5.0
Dodging        | |  1.7
Stealth        | |  2.1

Action                   || total
-------------------------++-------
Melee: Trident           ||    48
 Cast: Freeze            ||    18
       Frozen Ramparts   ||     1
 Stab: Sleeping          ||     4
Armor: Robe              ||     6
Dodge: Dodged            ||    25

Table legend: (Time is in decaauts)
 A = Elapsed time spent in this place.
 B = Non-inter-level travel time spent in this place.
 C = Inter-level travel time spent in this place.
 D = Time resting spent in this place.
 E = Time spent auto-exploring this place.
 F = Levels seen in this place.
 G = Mean time per level.
                   A        B        C        D        E       F      G
               +--------+--------+--------+--------+--------+-----+--------+
         Total |   1723 |   1653 |     70 |     35 |   1449 |   2 |  861.5 |
       Dungeon |   1723 |   1653 |     70 |     35 |   1449 |   2 |  861.5 |
               +--------+--------+--------+--------+--------+-----+--------+

Top non-repeatable levels by time:
     D:1: 1464 daAuts
     D:2: 259 daAuts
